[Event "36th European Club Cup 2021"]
[Site "Struga"]
[Date "2021.09.24"]
[Round "7.41"]
[White "Torres Sanchez, Jose"]
[Black "Haag, Gregor"]
[Result "0-1"]
[ECO "E04"]
[WhiteElo "2271"]
[BlackElo "2370"]
[Annotator "NA"]
[PlyCount "92"]
[EventDate "2021.09.18"]
[EventType "team-tourn"]
[EventCountry "MKD"]
[SourceTitle "playchess.com"]
[Source "ChessBase"]
[SourceQuality "1"]
[TimeControl "40/5400+30:1800+30"]

1. Nf3 d5 2. g3 c5 3. Bg2 Nc6 4. d4 Nf6 5. O-O e6 6. c4 dxc4 7. dxc5 Qxd1 8.
Rxd1 Bxc5 9. Nbd2 c3 10. bxc3 O-O 11. Nb3 Be7 12. c4 Bd7 13. Bb2 Rfd8 14. c5 Be8 15. Ne1 Rxd1 16. Rxd1 a5 17. Nd3 a4 18. Nd4 Na5 19. Bc3 Nd5 20. Bxd5 exd5 21. Nf5 Bf8 22. Nd6 Bc6 23. Nb4 b6 24. Nxc6 Nxc6 25. Rxd5 Rd8 26. e4 bxc5 27. e5 f6 28. f4 fxe5 29. fxe5 Nb4 30. Rxc5 Nxa2 31. Bd2 Rb8 32. Rc2 Nb4 33. Rc7 Nd3 34. Bc3 Ra8 35. e6 Bxd6 36. Rxg7+ Kf8 37. Rxh7 Ra7 38. Rxa7 Bc5+ 39. Kf1 Bxa7 40. Bf6 Nf2 41. Ke2 Bc5 42. h4 a3 43. h5 Ne4 44. Be5 Bd6 45. Bd4 Nc5 46. Kd1 Nb3 0-1

[Event "36th European Club Cup 2021"]
[Site "Struga"]
[Date "2021.09.24"]
[Round "7.42"]
[White "Heinz, Timothee"]
[Black "Gimeno Higueras, Roberto"]
[Result "1-0"]
[ECO "D27"]
[WhiteElo "2394"]
[BlackElo "2214"]
[Annotator "ChessBase"]
[PlyCount "183"]
[EventDate "2021.09.18"]
[EventType "team-tourn"]
[EventCountry "MKD"]
[SourceTitle "playchess.com"]
[Source "ChessBase"]
[SourceQuality "1"]
[TimeControl "40/5400+30:1800+30"]

1. d4 d5 2. Nf3 Nf6 3. c4 dxc4 4. e3 e6 5. Bxc4 a6 6. O-O b5 7. Be2 Bb7 8. b3 Nbd7 9. Bb2 c5 10. a4 b4 11. Nbd2 Be7 12. Nc4 O-O 13.
Rc1 Rc8 14. dxc5 Nxc5 15. Qxd8 Rfxd8 16. Na5 Bd5 17. Bc4 Nfe4 18. Bd4 f6 19. Rc2 Bxc4 20. Rxc4 e5 21. Bxc5 Rxc5 22. Rxb4 Rxa5 23. Rxe4 Rd3 24. Rb1 Rad5 25. Kf1 a5 26. Ke2 Rc3 27. Rc4 Rdd3 28. Rxc3 Rxc3 29. Nd2 Bb4 30. Ne4 Rc8 31. g4 Kf7 32. Rd1 Ke6 33. Rd3 Rc2+ 34. Kf1 h6 35. Ng3 g6 36. e4 Rc1+ 37. Kg2 Rc3 38.
Rxc3 Bxc3 39. Kf1 Kd6 40. Ke2 Kc5 41. Kd3 Kb4 42. Kc2 Be1 43.
f3 Kc5 44. Kd3 Kb4 45. Kc2 Kc5 46. Ne2 h5 47. gxh5 gxh5 48. f4 h4 49. fxe5 fxe5 50. h3 Bg3 51. Kc3 Be1+ 52. Kd3 Kb4 53. Kc2 Bg3 54. Ng1 Kc5 55. Nf3 Kb4 56. Kb2 Bf2 57. Kc2 Bg3 58. Ng5 Kc5 59. Kc3 Be1+ 60. Kd3 Bf2 61. Nf3 Bg3 62. Kc3 Bf2 63. b4+ axb4+ 64. Kb3 Bg3 65. a5 Kb5 66. a6 Kxa6 67. Kxb4 Kb6 68. Kc4 Kc6 69. Kb4 Kb6 70. Kc4 Kc6 71. Ng5 Bf4 72. Nf7 Bg3 73. Nh6 Be1 74. Nf5 Bf2 75. Kd3 Kd7 76. Ke2 Bb6 77. Nxh4 Ke6 78. Kf3 Kf6 79. Kg4 Be3 80. Kh5 Bc1 81. Nf3 Bf4 82. Ne1 Bd2 83. Nd3 Be3 84. Nb4 Bf2 85. Nd5+ Ke6 86. Kg6 Kd6 87. Kf5 Bg3 88. Nf6 Kc5 89. Nh5 Bh2 90. h4 Kd4 91. Nf6 Bf4 92. h5 1-0

[Event "36th European Club Cup 2021"]
[Site "Struga"]
[Date "2021.09.24"]
[Round "7.43"]
[White "Westerberg, Jonathan"]
[Black "Nevednichy, Vladislav"]
[Result "1/2-1/2"]
[ECO "D38"]
[WhiteElo "2526"]
[BlackElo "2498"]
[Annotator "ChessBase"]
[PlyCount "61"]
[EventDate "2021.09.18"]
[EventType "team-tourn"]
[EventCountry "MKD"]
[SourceTitle "playchess.com"]
[Source "ChessBase"]
[SourceQuality "1"]
[TimeControl "40/5400+30:1800+30"]

1. d4 Nf6 2. Nf3 e6 3. c4 d5 4. Nc3 Bb4 5. Qa4+ Nc6 6. cxd5 exd5 7. Bg5 h6 8. Bxf6 Qxf6 9. e3 O-O 10. Be2 a6 11. O-O Be6 12. Rac1 Bd6 13.
a3 Ne7 14. b4 b5 15. Qc2 Bf5 16. Bd3 c6 17. Bxf5 Qxf5 18. Qxf5 Nxf5 19. Ne2 Ne7 20. Ne5 Rfc8 21. Nd3 a5 22. Rc3 axb4 23. Nxb4 Rc7 24. Rb1 Ra4 25. g3 Kf8 26. Nf4 Bxb4 27. Rxb4 Rxb4 28. axb4 Ra7 29. Kg2 Ra4 30. Nd3 f6 31. g4 1/2-1/2

[Event "36th European Club Cup 2021"]
[Site "Struga"]
[Date "2021.09.24"]
[Round "7.44"]
[White "Nikolovski, Nikola"]
[Black "Seo, Jung Min"]
[Result "1/2-1/2"]
[ECO "B21"]
[WhiteElo "2409"]
[BlackElo "2469"]
[Annotator "ChessBase"]
[PlyCount "96"]
[EventDate "2021.09.18"]
[EventType "team-tourn"]
[EventCountry "MKD"]
[SourceTitle "playchess.com"]
[Source "ChessBase"]
[SourceQuality "1"]
[TimeControl "40/5400+30:1800+30"]

1. e4 c5 2. Nc3 Nc6 3. Bb5 g6 4. Bxc6 dxc6 5. f4 Bg7 6.
Nf3 Nf6 7. O-O O-O 8. d3 Bg4 9. Qe1 c4 10. e5 Nd5 11. dxc4 Nxc3 12. Qxc3 f6 13. exf6 exf6 14. Be3 Qc7 15. Rae1 c5 16. Qd2 b6 17. Qf2 Rae8 18. Bd2 Bf5 19. Rxe8 Rxe8 20. Re1 Qd7 21. Bc3 Rxe1+ 22. Nxe1 Qd1 23. Qd2 Qxd2 24. Bxd2 Kf7 25. Kf2 Bf8 26. Ke3 Bd6 27. Nd3 h5 28. Be1 Ke7 29. Bh4 Kf7 30. h3 Be6 31. b3 Bf5 32. Kf3 Bd7 33.
g4 Bc6+ 34. Ke3 Bg2 35. Nf2 Bc7 36. g5 fxg5 37. Bxg5 Ke6 38. h4 Kf5 39. a3 Bd6 40. Nd3 Be4 41. Ne1 Bc6 42. Nd3 Be4 43.
a4 Bc6 44. Ne5 Be4 45. Nd3 Bf8 46. Kd2 Bd6 47. Ke3 Bf8 48. Kd2 Bd6 1/2-1/2

[Event "36th European Club Cup 2021"]
[Site "Struga"]
[Date "2021.09.24"]
[Round "7.45"]
[White "Lokander, Martin"]
[Black "Risteski, Emil"]
[Result "1-0"]
[ECO "E62"]
[WhiteElo "2452"]
[BlackElo "2320"]
[Annotator "ChessBase"]
[PlyCount "67"]
[EventDate "2021.09.18"]
[EventType "team-tourn"]
[EventCountry "MKD"]
[SourceTitle "playchess.com"]
[Source "ChessBase"]
[SourceQuality "1"]
[TimeControl "40/5400+30:1800+30"]

1. d4 Nf6 2. Nf3 g6 3. c4 Bg7 4. g3 O-O 5. Bg2 d6 6. O-O Nc6 7. Nc3 e5 8. dxe5 dxe5 9. Bg5 Be6 10. Qa4 Qe8 11. Nd2 h6 12. Bxf6 Bxf6 13.
Nde4 Be7 14. Nd5 Bxd5 15. cxd5 Nd4 16. Qc4 Qd8 17. e3 Nf5 18. Rac1 Bd6 19. Rc3 Ng7 20. Nxd6 cxd6 21. Qc7 Rb8 22. Rfc1 Qxc7 23. Rxc7 Rfd8 24. a4 Ne8 25. R7c3 f5 26. e4 fxe4 27. a5 Kf8 28. Bh3 b6 29. a6 b5 30. b4 Rb6 31. Bc8 Rb8 32. h4 e3 33.
fxe3 Nf6 34. Be6 1-0

[Event "36th European Club Cup 2021"]
[Site "Struga"]
[Date "2021.09.24"]
[Round "7.46"]
[White "Podlesnik, Bogdan"]
[Black "Ertan, Can"]
[Result "0-1"]
[ECO "C50"]
[WhiteElo "2327"]
[BlackElo "2384"]
[Annotator "NA"]
[PlyCount "52"]
[EventDate "2021.09.18"]
[EventType "team-tourn"]
[EventCountry "MKD"]
[SourceTitle "playchess.com"]
[Source "ChessBase"]
[SourceQuality "1"]
[TimeControl "40/5400+30:1800+30"]

1. e4 e5 2. Nf3 Nc6 3. Nc3 Nf6 4. Bb5 Bd6 5. d3 h6 6. a3 a6 7. Bc4 Bc5 8. Nd5 d6 9. c3 Ba7 10. Be3 O-O 11. Bxa7 Rxa7 12. O-O b5 13. Ba2 Nxd5 14. Bxd5 Ne7 15. Bb3 Ng6 16. a4 b4 17. cxb4 Rb7 18. b5 axb5 19. Bd5 Ra7 20. axb5 Rxa1 21. Qxa1 Nf4 22. Bc4 Bg4 23. Qd1 Qf6 24. Kh1 Ra8 25. Qd2 Bxf3 26. gxf3 Qg5 0-1

[Event "36th European Club Cup 2021"]
[Site "Struga"]
[Date "2021.09.24"]
[Round "7.47"]
[White "Arman, Deniz"]
[Black "Zlatkov, Anton"]
[Result "1/2-1/2"]
[ECO "E62"]
[WhiteElo "2336"]
[BlackElo "2132"]
[Annotator "NA"]
[PlyCount "80"]
[EventDate "2021.09.18"]
[EventType "team-tourn"]
[EventCountry "MKD"]
[SourceTitle "playchess.com"]
[Source "ChessBase"]
[SourceQuality "1"]
[TimeControl "40/5400+30:1800+30"]

1. Nf3 Nf6 2. c4 g6 3. b3 Bg7 4. Bb2 O-O 5. g3 d6 6. d4 Bg4 7. Bg2 Bxf3 8. Bxf3 c6 9. O-O Nbd7 10. Nc3 e5 11. dxe5 dxe5 12. Qc2 Re8 13. Rad1 Qc7 14. b4 a5 15. b5 Nc5 16. Na4 Nxa4 17. Qxa4 e4 18.
Bg2 Nd7 19. Bxg7 Kxg7 20. bxc6 bxc6 21. Qa3 f5 22. Rd6 Ne5 23. Rfd1 Rad8 24. Qc5 Nf7 25. Rxd8 Rxd8 26. Rxd8 Nxd8 27. Qd4+ Kg8 28. g4 Nf7 29. gxf5 gxf5 30. Qf6 Qd7 31. h4 c5 32. e3 Qd1+ 33. Kh2 Qd6+ 34. Qxd6 Nxd6 35. Kg3 Kf7 36. Kf4 Kf6 37. Bf1 Ne8 38. Be2 Ng7 39. Kg3 Ke5 40. Bd1 Ne8 1/2-1/2

[Event "36th European Club Cup 2021"]
[Site "Struga"]
[Date "2021.09.24"]
[Round "7.48"]
[White "Andonovski, Ljubisa"]
[Black "Thorn, Eric"]
[Result "0-1"]
[ECO "E06"]
[WhiteElo "2252"]
[BlackElo "2292"]
[Annotator "NA"]
[PlyCount "46"]
[EventDate "2021.09.18"]
[EventType "team-tourn"]
[EventCountry "MKD"]
[SourceTitle "playchess.com"]
[Source "ChessBase"]
[SourceQuality "1"]
[TimeControl "40/5400+30:1800+30"]

1. d4 Nf6 2. c4 e6 3. Nf3 d5 4. g3 Be7 5. Bg2 O-O 6. Nc3 dxc4 7. Ne5 Nc6 8.
Bxc6 bxc6 9. Nxc6 Qe8 10. Nxe7+ Qxe7 11. Qa4 c5 12. dxc5 Qxc5 13. Be3 Qh5 14. f3 Bb7 15. O-O-O Rfc8 16. Bd4 e5 17. Be3 e4 18. Rhf1 exf3 19. exf3 Bxf3 20. Rd4 Re8 21. Rh4 Qf5 22. Rf4 Qd3 23. Bd4 Qxf1+ 0-1

[Event "36th European Club Cup 2021"]
[Site "Struga"]
[Date "2021.09.24"]
[Round "7.49"]
[White "Smith, Axel"]
[Black "Dardha, Daniel"]
[Result "0-1"]
[ECO "A50"]
[WhiteElo "2451"]
[BlackElo "2521"]
[Annotator "ChessBase"]
[PlyCount "102"]
[EventDate "2021.09.18"]
[EventType "team-tourn"]
[EventCountry "MKD"]
[SourceTitle "playchess.com"]
[Source "ChessBase"]
[SourceQuality "1"]
[TimeControl "40/5400+30:1800+30"]

1. d4 Nf6 2. c4 b6 3. Nc3 Bb7 4. Qc2 d5 5. cxd5 Nxd5 6. e4 Nxc3 7. bxc3 e5 8.
Nf3 exd4 9. Bb5+ c6 10. Bc4 b5 11. Bd3 dxc3 12. Qxc3 Bb4 13. Qxb4 Qxd3 14. Ba3 c5 15. Qxc5 Nc6 16. Rd1 Qxe4+ 17. Kf1 Qc4+ 18. Qxc4 bxc4 19. Ke2 f6 20. Rd6 O-O 21. Rb1 Rfe8+ 22. Kd2 c3+ 23. Kxc3 Rac8 24. Rb5 Na5+ 25. Bc5 Bxf3 26. gxf3 Nc6 27. Be3 Ne5+ 28. Kb3 Rc7 29. f4 Nc4 30. Rd3 Nxe3 31. fxe3 Rce7 32. Kc3 Rxe3 33. Rb7 R8e7 34. Rxe3 Rxb7 35. Re8+ Kf7 36. Rc8 Kg6 37. Rc5 Re7 38. a4 Re4 39. f5+ Kh6 40. Ra5 Re7 41. Kb4 g6 42. h4 g5 43. Ra6 Rf7 44. Kc5 gxh4 45. Kd6 Kg5 46. Rc6 Kxf5 47. a5 h3 48.
a6 h2 49. Rc1 Rg7 50. Rh1 Rg2 51. Kc7 Rb2 0-1

[Event "36th European Club Cup 2021"]
[Site "Struga"]
[Date "2021.09.24"]
[Round "7.50"]
[White "Roeder, Matthias"]
[Black "Ahlander, Bjorn"]
[Result "1/2-1/2"]
[ECO "D34"]
[WhiteElo "2372"]
[BlackElo "2383"]
[Annotator "NA"]
[PlyCount "51"]
[EventDate "2021.09.18"]
[EventType "team-tourn"]
[EventCountry "MKD"]
[SourceTitle "playchess.com"]
[Source "ChessBase"]
[SourceQuality "1"]
[TimeControl "40/5400+30:1800+30"]

1. Nf3 Nf6 2. g3 d5 3. Bg2 e6 4. O-O Be7 5. c4 O-O 6. b3 c5 7. cxd5 exd5 8. d4 Nc6 9. Bb2 Ne4 10. Nc3 Bf6 11. Na4 cxd4 12. Nxd4 Re8 13. Rc1 Bxd4 14. Bxd4 Bf5 15. e3 Qe7 16. h4 Rad8 17. Re1 h6 18.
Ba1 Qe6 19. Qe2 Bh3 20. Red1 f6 21. Kh2 Bxg2 22. Kxg2 Re7 23. Qh5 Nb4 24. Qe2 Nc6 25. Qh5 Nb4 26. Qe2 1/2-1/2

[Event "36th European Club Cup 2021"]
[Site "Struga"]
[Date "2021.09.24"]
[Round "7.51"]
[White "Dragicevic, Drazen"]
[Black "Boidman, Yuri"]
[Result "1-0"]
[ECO "A55"]
[WhiteElo "2344"]
[BlackElo "2318"]
[Annotator "NA"]
[PlyCount "103"]
[EventDate "2021.09.18"]
[EventType "team-tourn"]
[EventCountry "MKD"]
[SourceTitle "playchess.com"]
[Source "ChessBase"]
[SourceQuality "1"]
[TimeControl "40/5400+30:1800+30"]

1. c4 c6 2. e4 e5 3. Nf3 d6 4. d4 Nd7 5. Nc3 Ngf6 6. Be2 Be7 7. h3 O-O 8. Be3 a6 9. d5 c5 10. Qc2 g6 11. g4 Ne8 12. O-O-O b5 13. Rdg1 Qa5 14. cxb5 axb5 15. Bxb5 Rb8 16. Be2 Ba6 17. h4 Nb6 18. Bxa6 Qxa6 19. Nd2 Nc7 20. Bg5 f6 21. Bh6 Rf7 22. f4 exf4 23. Bxf4 Nb5 24. Nxb5 Qxb5 25. Rh3 c4 26. Ra3 Bf8 27. Nf3 f5 28. Nd4 Qc5 29. Be3 f4 30. Bf2 Qc8 31. Nc6 Rbb7 32. Ra6 Nd7 33. Qxc4 Qe8 34. Qa4 Ne5 35. Ra8 Nd3+ 36. Kd2 Nxb2 37. Rxe8 Nxa4 38. Bd4 h6 39. g5 h5 40. Re6 Kh7 41. Nd8 Rb4 42. Bc3 Nxc3 43. Kxc3 Rfb7 44. Nxb7 Rxb7 45. Kd3 Bg7 46. Rxd6 Ra7 47. Rf1 Ra3+ 48. Kc2 f3 49. Rd7 Kg8 50. Kd2 Rxa2+ 51. Ke3 Ra3+ 52. Kf4 1-0

[Event "36th European Club Cup 2021"]
[Site "Struga"]
[Date "2021.09.24"]
[Round "7.52"]
[White "Hautot, Stephane"]
[Black "Jogstad, Martin"]
[Result "0-1"]
[ECO "A05"]
[WhiteElo "2329"]
[BlackElo "2341"]
[Annotator "NA"]
[PlyCount "90"]
[EventDate "2021.09.18"]
[EventType "team-tourn"]
[EventCountry "MKD"]
[SourceTitle "playchess.com"]
[Source "ChessBase"]
[SourceQuality "1"]
[TimeControl "40/5400+30:1800+30"]

1. Nf3 Nf6 2. g3 b5 3. Bg2 Bb7 4. O-O e6 5. b3 c5 6. Bb2 Be7 7. d3 O-O 8. c4 a6 9. e3 Nc6 10. Qe2 d5 11. Rd1 Qb6 12. Nc3 Rfd8 13.
cxd5 Nxd5 14. Nxd5 Rxd5 15. d4 Rdd8 16. dxc5 Qxc5 17. Nd4 Qb6 18. Nxc6 Bxc6 19. Qg4 Bf8 20. Bd4 Qb7 21. Bxc6 Qxc6 22. Rac1 Qb7 23. Be5 Rac8 24. Qe2 Qe4 25. Bb2 Rxd1+ 26. Qxd1 Rxc1 27. Bxc1 Qb1 28. Qd2 h5 29. Kg2 h4 30. f3 a5 31. e4 Be7 32. gxh4 Bb4 33. Qb2 Qd3 34. Bf4 Bc3 35. Qf2 e5 36. Be3 Bd4 37. Bxd4 exd4 38. Qg3 Qc2+ 39. Kh3 Qc8+ 40. Kg2 d3 41. h5 Qc2+ 42. Kh3 d2 43.
h6 Qc8+ 44. Kg2 Qf8 45. h7+ Kh8 0-1

[Event "36th European Club Cup 2021"]
[Site "Struga"]
[Date "2021.09.24"]
[Round "7.53"]
[White "Storme, Isak"]
[Black "Dardha, Arben"]
[Result "1-0"]
[ECO "D35"]
[WhiteElo "2304"]
[BlackElo "2253"]
[Annotator "NA"]
[PlyCount "101"]
[EventDate "2021.09.18"]
[EventType "team-tourn"]
[EventCountry "MKD"]
[SourceTitle "playchess.com"]
[Source "ChessBase"]
[SourceQuality "1"]
[TimeControl "40/5400+30:1800+30"]

1. d4 Nf6 2. c4 e6 3. Nc3 d5 4. cxd5 Nxd5 5. e4 Nxc3 6. bxc3 c5 7. Rb1 cxd4 8. cxd4 Be7 9. Bc4 O-O 10. Ne2 Nd7 11. O-O b6 12. Bb2 Bb7 13. Ng3 Nf6 14. Qe2 Rc8 15. Rbc1 Qd7 16. f4 g6 17. Kh1 Ne8 18. f5 exf5 19. exf5 Bg5 20. Bb5 Qd8 21. Rxc8 Bxc8 22. fxg6 hxg6 23. d5 Nd6 24. Bc6 Qe7 25. Qxe7 Bxe7 26. Re1 Bh4 27. Ba3 Rd8 28. Bxd6 Rxd6 29. Re8+ Kg7 30. Rxc8 Rf6 31. Re8 Rf2 32. a4 f5 33. Re2 Rf4 34. Kg1 Rd4 35. Nf1 Bg5 36. g3 a6 37. Kg2 b5 38.
axb5 axb5 39. h4 Bh6 40. Nh2 b4 41. Nf3 Rd3 42. Re7+ Kf8 43.
Rb7 b3 44. Ne5 Rd2+ 45. Kh3 b2 46. Nc4 Rc2 47. Nxb2 Bg7 48.
Nd3 Bd4 49. Nf4 Bg1 50. Nxg6+ Kg8 51. Ne7+ 1-0

[Event "36th European Club Cup 2021"]
[Site "Struga"]
[Date "2021.09.24"]
[Round "7.54"]
[White "Jeitz, Christian"]
[Black "Nord, Alexander"]
[Result "0-1"]
[ECO "B51"]
[WhiteElo "2231"]
[BlackElo "2144"]
[Annotator "ChessBase"]
[PlyCount "148"]
[EventDate "2021.09.18"]
[EventType "team-tourn"]
[EventCountry "MKD"]
[SourceTitle "playchess.com"]
[Source "ChessBase"]
[SourceQuality "1"]
[TimeControl "40/5400+30:1800+30"]

1. e4 c5 2. Nf3 d6 3. Bb5+ Nd7 4. d4 cxd4 5. Qxd4 a6 6. Bxd7+ Bxd7 7. Nc3 e5 8. Qd3 Rc8 9. O-O h6 10. a4 Nf6 11. Be3 Be6 12. Rfe1 Be7 13.
a5 Qc7 14. Nd2 O-O 15. f3 Qc6 16. Nf1 d5 17. exd5 Nxd5 18. Nxd5 Bxd5 19. c3 e4 20. fxe4 Bxe4 21. Qe2 Rfe8 22. Ng3 Bg6 23. Qf2 Bf6 24. Bb6 Rxe1+ 25. Rxe1 Qd5 26. Nf1 Bg5 27. Qg3 Qb5 28. Qg4 Re8 29. Rxe8+ Qxe8 30. Qf3 Be4 31. Qe2 Bc6 32. Qxe8+ Bxe8 33. Bd4 g6 34. Kf2 Bc6 35. g3 Bd8 36. b4 f5 37. Ne3 Kf7 38. Nc4 Ke6 39. Nb6 g5 40.
Ke3 Bc7 41. Nc4 f4+ 42. Kf2 Kf5 43. Nd2 Kg4 44. Nf1 Bb5 45.
gxf4 Bxf4 46. Ng3 Kh3 47. Bg7 Kxh2 48. Nh5 Bb8 49. Bxh6 g4 50. Bf4+ Bxf4 51. Nxf4 Bc4 52. Nh5 Kh3 53. Nf4+ Kh4 54. Ng2+ Kg5 55. Ke3 Kf5 56. Kd4 Be2 57. c4 g3 58. Ne3+ Kf4 59. Ng2+ Kf3 60.
Nh4+ Kg4 61. Ng2 Bf1 62. Ne3+ Kf4 63. b5 axb5 64. c5 b4 65.
Nd5+ Kf3 66. Ne3 Ba6 67. Nf5 g2 68. Nh4+ Kg3 69. Nxg2 Kxg2 70. Ke3 Kg3 71. Kd2 Kf4 72. Kc2 Ke5 73. Kb3 Kd5 74. Kxb4 Kd4 0-1

[Event "36th European Club Cup 2021"]
[Site "Struga"]
[Date "2021.09.24"]
[Round "7.55"]
[White "Markoja, Boris"]
[Black "Kjartansson, Gudmundur"]
[Result "1/2-1/2"]
[ECO "E08"]
[WhiteElo "2453"]
[BlackElo "2447"]
[Annotator "ChessBase"]
[PlyCount "70"]
[EventDate "2021.09.18"]
[EventType "team-tourn"]
[EventCountry "MKD"]
[SourceTitle "playchess.com"]
[Source "ChessBase"]
[SourceQuality "1"]
[TimeControl "40/5400+30:1800+30"]

1. d4 Nf6 2. c4 e6 3. g3 d5 4. Bg2 Be7 5. Nf3 Nbd7 6. Qc2 O-O 7. O-O c6 8. Rd1 b6 9. b3 Bb7 10. Nc3 c5 11. cxd5 Nxd5 12. Nxd5 Bxd5 13. e4 Bb7 14. d5 exd5 15. exd5 Bf6 16. Bb2 Bxb2 17. Qxb2 Qf6 18. Qxf6 Nxf6 19. Ne5 Rfd8 20. Rd3 Ne8 21. d6 Bxg2 22. Kxg2 Rxd6 23. Rxd6 Nxd6 24. Rd1 f6 25. Nc6 Nb5 26. Rd7 Kf8 27. Kf3 Rc8 28. Nxa7 Nxa7 29. Rxa7 c4 30. bxc4 Rxc4 31. a4 Rb4 32. a5 bxa5 33. Rxa5 Rb3+ 34. Kg2 Rb4 35. Kf3 Rb3+ 1/2-1/2

[Event "36th European Club Cup 2021"]
[Site "Struga"]
[Date "2021.09.24"]
[Round "7.56"]
[White "Sulypa, Oleksandr"]
[Black "Subelj, Jan"]
[Result "1/2-1/2"]
[ECO "D36"]
[WhiteElo "2455"]
[BlackElo "2415"]
[Annotator "ChessBase"]
[PlyCount "124"]
[EventDate "2021.09.18"]
[EventType "team-tourn"]
[EventCountry "MKD"]
[SourceTitle "playchess.com"]
[Source "ChessBase"]
[SourceQuality "1"]
[TimeControl "40/5400+30:1800+30"]

1. d4 d5 2. c4 e6 3. Nc3 Nf6 4. cxd5 exd5 5. Bg5 c6 6. e3 Be7 7. Qc2 Nbd7 8. Bd3 Nh5 9. Bxe7 Qxe7 10. O-O-O Nb6 11. Kb1 Be6 12. Rc1 g6 13. Nge2 Ng7 14. Ng3 h5 15. h4 O-O-O 16. Na4 Nxa4 17. Qxa4 Kb8 18. Rc3 Bc8 19. Rhc1 Ne8 20. Ra3 a6 21. Nf1 Nd6 22. Rb3 b5 23. Qb4 Bb7 24. g3 Rhe8 25. Qc5 Nc4 26. Qxe7 Rxe7 27. Rbc3 Rd6 28. Ka1 Rf6 29. R3c2 Ka7 30. b3 Na3 31. Re2 Bc8 32. Kb2 b4 33. Rce1 Bg4 34. Rd2 Bf5 35. Bxf5 Rxf5 36. Nh2 Nb5 37. f3 Rf6 38. Kc2 Rc7 39. Kd3 c5 40. Rc1 Rfc6 41. Rxc5 Rxc5 42. dxc5 Rxc5 43. Rc2 Nc3 44. g4 Kb6 45. gxh5 gxh5 46. Nf1 Rc6 47. Rg2 a5 48. Kd4 a4 49. bxa4 Ka5 50. Rg8 Ra6 51. Nd2 Kxa4 52. Rh8 Ka3 53. Rxh5 Kxa2 54. Rh8 Kb2 55. Rb8 Kc2 56. Rxb4 Kxd2 57. Rb2+ Kc1 58. Rh2 Nd1 59. h5 Rh6 60. f4 f5 61. Kd3 Nb2+ 62. Kc3 Nd1+ 1/2-1/2

[Event "36th European Club Cup 2021"]
[Site "Struga"]
[Date "2021.09.24"]
[Round "7.57"]
[White "Mikhalchishin, Adrian"]
[Black "Petursson, Margeir"]
[Result "1/2-1/2"]
[ECO "B06"]
[WhiteElo "2455"]
[BlackElo "2442"]
[Annotator "ChessBase"]
[PlyCount "25"]
[EventDate "2021.09.18"]
[EventType "team-tourn"]
[EventCountry "MKD"]
[SourceTitle "playchess.com"]
[Source "ChessBase"]
[SourceQuality "1"]
[TimeControl "40/5400+30:1800+30"]

1. e4 c5 2. Nf3 g6 3. c3 d5 4. exd5 Qxd5 5. d4 Bg7 6. Na3 cxd4 7. Bc4 Qe4+ 8. Be3 Nh6 9. Bd3 Qd5 10. Bc4 Qe4 11. Bd3 Qd5 12. Bc4 Qe4 13.
Bd3 1/2-1/2

[Event "36th European Club Cup 2021"]
[Site "Struga"]
[Date "2021.09.24"]
[Round "7.58"]
[White "Johannesson, Ingvar Thor"]
[Black "Mohr, Georg"]
[Result "1/2-1/2"]
[ECO "E99"]
[WhiteElo "2346"]
[BlackElo "2407"]
[Annotator "ChessBase"]
[PlyCount "102"]
[EventDate "2021.09.18"]
[EventType "team-tourn"]
[EventCountry "MKD"]
[SourceTitle "playchess.com"]
[Source "ChessBase"]
[SourceQuality "1"]
[TimeControl "40/5400+30:1800+30"]

1. d4 Nf6 2. c4 g6 3. Nc3 Bg7 4. e4 d6 5. Nf3 O-O 6. Be2 e5 7. O-O Nc6 8. d5 Ne7 9. Ne1 Nd7 10. Nd3 f5 11. Bd2 Nf6 12. f3 f4 13. c5 h5 14. Rc1 g5 15.
Nb5 Ne8 16. Ba5 b6 17. cxd6 cxd6 18. Be1 a6 19. Nc3 Nf6 20. Bf2 Nd7 21. Nb4 Ng6 22. Na4 b5 23. Nc6 Qe8 24. Nb6 Nxb6 25. Bxb6 Bf6 26. a4 bxa4 27. Rc4 Rf7 28. Rxa4 Rg7 29. h3 Nh4 30. b4 Bd7 31. Bf2 Qg6 32. b5 g4 33. fxg4 Kh8 34. bxa6 hxg4 35. Bxg4 Bxg4 36. Qxg4 Qh6 37. Bxh4 Rxg4 38. Bxf6+ Rg7 39. Bxg7+ Qxg7 40. a7 Qg3 41. Rb4 Kh7 42. Rb8 Rxa7 43. Nxa7 Qe3+ 44. Kh2 Qxa7 45. Rb4 Qa3 46. Rb7+ Kg6 47. Rbb1 Kg5 48. Rbe1 Qc3 49. Re2 Qd3 50. Ree1 Qc3 51. Re2 Qd3 1/2-1/2

[Event "36th European Club Cup 2021"]
[Site "Struga"]
[Date "2021.09.24"]
[Round "7.59"]
[White "Buzeti, Jernej"]
[Black "Mai, Alexander Oliver"]
[Result "1-0"]
[ECO "B67"]
[WhiteElo "2236"]
[BlackElo "2042"]
[Annotator "NA"]
[PlyCount "67"]
[EventDate "2021.09.18"]
[EventType "team-tourn"]
[EventCountry "MKD"]
[SourceTitle "playchess.com"]
[Source "ChessBase"]
[SourceQuality "1"]
[TimeControl "40/5400+30:1800+30"]

1. e4 c5 2. Nf3 d6 3. d4 cxd4 4. Nxd4 Nf6 5. Nc3 Nc6 6. Bg5 e6 7. Qd2 a6 8. O-O-O Bd7 9. f3 Nxd4 10. Qxd4 Be7 11. Qd2 b5 12. a3 h6 13. Bf4 e5 14. Be3 Qc7 15. g4 Be6 16. h4 Qb7 17. Nd5 Bxd5 18.
exd5 Bd8 19. Bh3 Bb6 20. f4 Nd7 21. g5 f6 22. Bxd7+ Kxd7 23. gxf6 gxf6 24. fxe5 fxe5 25. Rhf1 Bxe3 26. Qxe3 Rae8 27. Rf6 Qc7 28. Qh3+ Kd8 29. Rdf1 Re7 30. Qg2 Rhe8 31. Qg6 Kd7 32. R1f3 Qc5 33. Qg4+ Kd8 34. Rc3 1-0

[Event "36th European Club Cup 2021"]
[Site "Struga"]
[Date "2021.09.24"]
[Round "7.60"]
[White "Jonsson, Gauti Pall"]
[Black "Bratkovic, Sham"]
[Result "1/2-1/2"]
[ECO "A36"]
[WhiteElo "2053"]
[BlackElo "2213"]
[Annotator "NA"]
[PlyCount "63"]
[EventDate "2021.09.18"]
[EventType "team-tourn"]
[EventCountry "MKD"]
[SourceTitle "playchess.com"]
[Source "ChessBase"]
[SourceQuality "1"]
[TimeControl "40/5400+30:1800+30"]

1. c4 Nf6 2. Nc3 g6 3. e4 d6 4. g3 Bg7 5. Bg2 O-O 6. Nge2 c5 7. O-O Nc6 8. d3 Ne8 9. Be3 Nd4 10. Qd2 Qa5 11. Nxd4 cxd4 12. Nd5 Qd8 13. Bg5 f6 14. Bh6 Bxh6 15. Qxh6 e6 16. Nf4 e5 17. Nd5 Be6 18. f4 Bxd5 19. exd5 Ng7 20. fxe5 fxe5 21. g4 Qe7 22. Be4 a5 23. h4 b6 24. Kg2 Rab8 25. Kg3 Rxf1 26. Rxf1 Rf8 27. Rxf8+ Qxf8 28. Qg5 Qf1 29. Qd8+ Qf8 30. Qg5 Qf1 31. Qd8+ Qf8 32. Qg5 1/2-1/2